 Dungeon Crawl Stone Soup version 0.19.0-2-gae57169 (webtiles) character file.

147 varam the Chopper (level 5, -1/45 HPs)
             Began as a Hill Orc Fighter on Nov 4, 2016.
             Killed by divine providence
             ... invoked by an orc priest
              (10 damage)
             ... on level 3 of the Dungeon.
             The game lasted 00:03:16 (2087 turns).

varam the Chopper (Hill Orc Fighter)                Turns: 2087, Time: 00:03:17

Health: -1/45      AC:  6    Str: 19    XL:     5   Next: 29%
Magic:  5/5        EV:  7    Int:  8    God:
Gold:   114        SH: 12    Dex: 11    Spells: 0 memorised, 4 levels left

rFire  . . .     SeeInvis .     a - +0 war axe
rCold  . . .     Gourm    .     b - +0 scale mail
rNeg   . . .     Faith    .     c - +0 shield
rPois  .         Spirit   .     (no helmet)
rElec  .         Reflect  +     (no cloak)
rCorr  .         Harm     .     (no gloves)
MR     .....                    (no boots)
Stlth  ..........               p - +3 amulet of reflection
                                (no ring)
                                (no ring)

@: no status effects
A: no striking features
a: Convert to Beogh


You were on level 3 of the Dungeon.
You were not hungry.

You visited 1 branch of the dungeon, and saw 3 of its levels.

You collected 114 gold pieces.

Inventory:

Hand Weapons
 a - a +0 war axe (weapon)
Armour
 b - a +0 scale mail (worn)
 c - a +0 shield (worn)
Jewellery
 p - a +3 amulet of reflection (around neck)
Scrolls
 e - a scroll of fear {unknown}
 h - 2 scrolls of remove curse {unknown}
 j - a scroll of teleportation {unknown}
 l - 2 scrolls of blinking {unknown}
 m - a scroll of enchant weapon {unknown}
 o - 3 scrolls of enchant armour {unknown}
 r - a scroll of recharging {unknown}
 s - a scroll of noise {unknown}
 v - a scroll of random uselessness {unknown}
 w - a scroll of identify {unknown}
 y - a scroll of magic mapping {unknown}
Potions
 d - a potion of might
 k - a potion of curing {unknown}
 n - 2 potions of magic {unknown}
 t - a potion of degeneration {unknown}
 u - a potion of invisibility {unknown}
 x - a potion of flight {unknown}
Comestibles
 f - 2 bread rations
 g - a royal jelly
 i - a chunk of flesh
 q - 3 fruits


   Skills:
 - Level 3.6 Fighting
 * Level 7.0 Axes
 - Level 3.2 Armour
 - Level 3.2 Shields


You had 4 spell levels left.
You didn't know any spells.

Dungeon Overview and Level Annotations

Branches:
Dungeon (3/15)

Altars:
Gozag


Message History

You block the orc's attack.
You hit the orc priest.
The orc priest shouts, "Join the one true god or die!"
The orc priest is moderately wounded.
The orc priest shouts, "Beogh is our master!
Accept the truth or die!"
You hit the orc but do no damage.
The orc priest calls down the wrath of Beogh upon you.
Beogh smites you! The orc hits you but does no damage.
Your shield prevents you from hitting the orc priest.
The orc priest is moderately wounded.
You barely miss the orc. The orc priest hits you with a war axe.
You block the orc's attack.
The orc priest mumbles some strange prayers to Beogh against you.
Pain shoots through your body!
* * * LOW HITPOINT WARNING * * *
The orc hits you but does no damage.
The orc priest begins to cast a cantrip, but forgets the words!
The orc priest mumbles some strange prayers to Beogh against you.
Beogh smites you!
You die...

#....#............
#.#########...####
#.# #....## #o#
#.#### #.# #.# #.#
#.# #o# #.# #.#
#.# #@# #.# #.#
##.# #.# #..# #.#
#.## #.# #.# #.#
#.# #.#
#.######### #.#
#.......... #.#
##########.


You could see an orc priest and an orc.

Vanquished Creatures
  A centaur skeleton (D:3)
  2 adders (D:3)
  3 worms (D:2)
  3 dart slugs
  A leopard gecko (D:1)
  7 orcs (D:3)
  3 giant cockroaches (D:1)
  5 goblins
  14 hobgoblins
  3 kobolds (D:1)
  4 quokkas
  3 ball pythons
  11 bats
  5 frilled lizards
  8 rats
73 creatures vanquished.

Notes
Turn   | Place    | Note
-------+----------+-------------------------------------------
     0 | D:1      | varam the Hill Orc Fighter began the quest for the Orb.
     0 | D:1      | Reached XP level 1. HP: 19/19 MP: 1/1
    32 | D:1      | Reached skill level 3 in Axes
    99 | D:1      | Reached XP level 2. HP: 22/26 MP: 2/2
   133 | D:1      | Reached skill level 4 in Axes
   582 | D:1      | Reached XP level 3. HP: 31/31 MP: 3/3
  1064 | D:2      | Reached skill level 5 in Axes
  1099 | D:2      | Found an opulent altar of Gozag.
  1385 | D:2      | Reached XP level 4. HP: 39/39 MP: 4/4
  1580 | D:3      | Reached skill level 6 in Axes
  1776 | D:3      | Reached XP level 5. HP: 39/45 MP: 5/5
  1961 | D:3      | Reached skill level 7 in Axes
  2087 | D:3      | Killed from afar by an orc priest

Skill      XL: |  1  2  3  4  5 |
---------------+----------------+-----
Axes           | 3 4 5 6 7 |  7.0
Fighting       | |  3.6
Armour         | |  3.2
Shields        | |  3.2

Action                   |  1- 3 |  4- 6 || total
-------------------------+-------+-------++-------
Melee: War axe           |   122 |    79 ||   201
  Eat: Chunk             |     2 |     2 ||     4
Armor: Scale mail        |    75 |    30 ||   105
Dodge: Dodged            |    34 |    12 ||    46
Block: Shield            |    79 |    46 ||   125
       Reflection        |       |     1 ||     1
